 Dungeon Crawl Stone Soup version 0.26.1-11-gd32895ea62 (webtiles) character file.

Game seed: 8767556838155687722

2403 jlumianski the Magician (level 9, -5/70 HPs)
             Began as a Gnoll Warper on July 18, 2021.
             Was an Initiate of Qazlal.
             Slain by a shadow (27 damage)
             ... on level 7 of the Dungeon on July 19, 2021.
             The game lasted 00:50:14 (11471 turns).

jlumianski the Magician (Gnoll Warper)             Turns: 11471, Time: 00:50:15

Health: -5/70      AC: 12    Str: 15    XL:     9   Next: 47%
Magic:  19/19      EV: 29    Int: 21    God:    Qazlal [......]
Gold:   376        SH:  0    Dex: 14    Spells: 16/21 levels left

rFire    + . .     SeeInvis .   S - +3 whip (elec)
rCold    . . .     Faith    .   (no shield)
rNeg     . . .     Spirit   .   N - +3 ring mail "Otedgh" {Int+3}
rPois    .         Reflect  .   (no helmet)
rElec    .         Harm     .   n - +0 cloak
rCorr    .         Rampage  .   L - +1 pair of gloves
Will     .....                  (no boots)
Stlth    ++........             l - amulet of the acrobat
HPRegen  0.21/turn              p - ring of protection from fire
MPRegen  0.16/turn              (no ring)

@: acrobat
A: distributed training, fangs 1, strong nose
a: Renounce Religion


You were on level 7 of the Dungeon.
You worshipped Qazlal.
Qazlal was noncommittal.
You visited 2 branches of the dungeon, and saw 9 of its levels.

You collected 376 gold pieces.

Inventory:

Hand Weapons
 a - a +0 hand axe
 A - a +0 hunting sling
 F - a +1 whip of electrocution
 R - a +0 shortbow
 S - a +3 whip of electrocution (weapon)
 T - a +2 dagger of venom
Missiles
 c - 258 arrows
 e - 5 boomerangs of dispersal
 j - 398 stones
 q - 17 poisoned darts (quivered)
 t - 91 sling bullets
 u - 54 bolts
 B - 8 curare-tipped darts
 Q - 4 boomerangs
Armour
 b - a +0 leather armour
 n - a +0 cloak (worn)
 x - a +0 ring mail
 K - a +0 buckler
 L - a +1 pair of gloves (worn)
 N - the +3 ring mail "Otedgh" (worn) {Int+3}
   (You found it on level 6 of the Dungeon)

   It affects your intelligence (+3).
Jewellery
 l - an amulet of the acrobat (around neck)
 p - a ring of protection from fire (left hand)
 v - a cursed amulet of inaccuracy
 O - an uncursed amulet of faith
Wands
 z - a wand of iceblast (3)
 D - a wand of polymorph (8)
 H - a wand of flame (55)
Scrolls
 d - 4 scrolls of blinking
 h - 3 scrolls of remove curse
 i - a scroll of fog
 k - 2 scrolls of identify
 m - 7 scrolls of teleportation
 o - a scroll of random uselessness
 y - a scroll of enchant weapon
Potions
 g - a potion of heal wounds {unknown}
 r - 2 potions of berserk rage
 w - 3 potions of curing
 C - a potion of brilliance {unknown}
 E - a potion of might
 J - a potion of cancellation {unknown}
 M - a potion of degeneration {unknown}
 P - a potion of lignification {unknown}
 U - a potion of haste
 V - a potion of attraction {unknown}


   Skills:
 + Level 6.3 Fighting
 + Level 4.2 Short Blades
 + Level 4.2 Long Blades
 + Level 6.3 Axes
 + Level 4.2 Maces & Flails
 + Level 4.2 Polearms
 + Level 4.2 Staves
 + Level 4.2 Slings
 + Level 4.2 Bows
 + Level 4.2 Crossbows
 + Level 5.0 Throwing
 + Level 5.0 Armour
 + Level 6.3 Dodging
 + Level 4.2 Stealth
 + Level 4.2 Shields
 + Level 4.2 Unarmed Combat
 + Level 6.6 Spellcasting
 + Level 3.5 Conjurations
 + Level 3.5 Hexes
 + Level 3.5 Summonings
 + Level 3.5 Necromancy
 + Level 6.5 Translocations
 + Level 3.5 Transmutations
 + Level 3.5 Fire Magic
 + Level 3.5 Ice Magic
 + Level 3.5 Air Magic
 + Level 3.5 Earth Magic
 + Level 3.5 Poison Magic
 + Level 4.7 Invocations
 + Level 4.2 Evocations


You had 16 spell levels left.
You knew the following spells:

 Your Spells              Type           Power        Failure   Level
a - Blink                 Tloc           N/A          1%          2
b - Gell's Gravitas       Tloc           17%          3%          3

Your spell library contained the following spells:

 Spells                   Type           Power        Failure   Level
 Lesser Beckoning         Tloc           17%          3%          3
 Teleport Other           Tloc           34%          3%          3
 Beastly Appendage        Tmut           42%          4%          1
 Corona                   Hex            23%          4%          1
 Ensorcelled Hibernation  Hex/Ice        42%          6%          2
 Wereblood                Tmut           21%          6%          2
 Passage of Golubria      Tloc           N/A          11%         4
 Confusing Touch          Hex            21%          12%         3
 Dazzling Flash           Conj/Hex       42%          12%         3
 Spider Form              Tmut/Pois      10%          12%         3
 Tukima's Dance           Hex            21%          12%         3
 Ice Form                 Ice/Tmut       21%          36%         4
 Blade Hands              Tmut           10%          73%         5


Dungeon Overview and Level Annotations

Branches:
Dungeon (8/15)             Temple (1/1) D:4
   Lair: D:8-11

Altars:
Ashenzari
Cheibriados
Dithmenos
Elyvilon
Fedhas
Gozag
Hepliaklqana
Makhleb
Nemelex Xobeh
Okawaru
Qazlal
Ru
Trog
Uskayaw
Wu Jian
Xom
Yredelemnul
Zin

Shops:
D:6 !


Innate Abilities, Weirdness & Mutations

Your experience applies equally to all skills.
You have very sharp teeth.
Your uncanny sense of smell can sniff out nearby items.


Message History

The mass of ice explodes!
The iceblast engulfs the shadow.
The shadow partially resists.
The shadow is moderately damaged.
The shadow slips into darkness.
The shadow flickers and vanishes!
Deactivating autopickup; reactivate with Ctrl-A.
The shadow strikes at you from the darkness!
Reactivating autopickup.
The shadow slips into darkness.
The shadow flickers and vanishes!
Deactivating autopickup; reactivate with Ctrl-A.
There is an open door here.
The shadow strikes at you from the darkness!
Reactivating autopickup.
The shadow slips into darkness.
The shadow flickers and vanishes!
Deactivating autopickup; reactivate with Ctrl-A.
There is an open door here.
The shadow strikes at you from the darkness!
You die...

#...........# ###########
#.........^.# #..........
####...........########..........
...'............................>
####...........########..........
####...........# #..........
#.........#############..........
#.........#####..................
..........'.....@................
#..[......#####........#######+#.
########### ###........#######.#.
#....###.........#.#. #....#
#.........#.#. ###....#
#>...[....#.#. #......#
#.........#.#. #......#
#.........#.#.
#......###.........#)#.


There were no monsters in sight!

Vanquished Creatures
  Pikel (D:7)
  Joseph (D:7)
  Grinder (D:6)
  2 sky beasts
  An ice beast (D:4)
  3 ogres
  2 centaurs
  2 lemures (D:7)
  A bullfrog (D:6)
  A scorpion (D:6)
  2 jellies
  2 hounds
  2 orc wizards
  A bullfrog skeleton (D:6)
  An iguana (D:3)
  3 worker ants
  A killer bee zombie (D:6)
  A hound skeleton (D:4)
  A worker ant zombie (D:5)
  12 adders
  A shadow imp (D:5)
  A white imp (D:5)
  An ooze (D:3)
  3 adder skeletons
  An adder zombie (D:5)
  3 worms
  4 dart slugs
  5 leopard geckos
  14 orcs
  5 giant cockroaches
  14 goblins
  8 hobgoblins
  19 jackals
  8 kobolds
  3 quokkas
  3 ball pythons (D:3)
  9 bats
  7 frilled lizards
  A jackal zombie (D:5)
  A leopard gecko skeleton (D:6)
  A quokka skeleton (D:4)
  12 rats
165 creatures vanquished.

Notes
Turn   | Place    | Note
-------+----------+-------------------------------------------
     0 | D:1      | jlumianski the Gnoll Warper began the quest for the Orb.
     0 | D:1      | Reached XP level 1. HP: 20/20 MP: 6/6
   165 | D:1      | Reached XP level 2. HP: 25/26 MP: 7/7
   537 | D:1      | Reached XP level 3. HP: 31/31 MP: 9/9
   540 | D:1      | Learned a level 2 spell: Blink
   544 | D:1      | Learned a level 3 spell: Gell's Gravitas
   583 | D:1      | Reached skill level 5 in Spellcasting
   960 | D:1      | Reached skill level 1 in Invocations
  1786 | D:2      | Reached skill level 1 in Short Blades
  1786 | D:2      | Reached skill level 1 in Long Blades
  1786 | D:2      | Reached skill level 1 in Maces & Flails
  1786 | D:2      | Reached skill level 1 in Polearms
  1786 | D:2      | Reached skill level 1 in Staves
  1786 | D:2      | Reached skill level 1 in Slings
  1786 | D:2      | Reached skill level 1 in Bows
  1786 | D:2      | Reached skill level 1 in Crossbows
  1786 | D:2      | Reached skill level 1 in Stealth
  1786 | D:2      | Reached skill level 1 in Shields
  1786 | D:2      | Reached skill level 1 in Unarmed Combat
  1786 | D:2      | Reached skill level 1 in Evocations
  1906 | D:2      | Reached XP level 4. HP: 38/38 MP: 11/11
  2761 | D:2      | Found a basalt altar of Yredelemnul.
  2828 | D:3      | Found a broken altar of Ashenzari.
  2845 | D:3      | Reached skill level 1 in Conjurations
  2845 | D:3      | Reached skill level 1 in Hexes
  2845 | D:3      | Reached skill level 1 in Summonings
  2845 | D:3      | Reached skill level 1 in Necromancy
  2845 | D:3      | Reached skill level 1 in Transmutations
  2845 | D:3      | Reached skill level 1 in Fire Magic
  2845 | D:3      | Reached skill level 1 in Ice Magic
  2845 | D:3      | Reached skill level 1 in Air Magic
  2845 | D:3      | Reached skill level 1 in Earth Magic
  2845 | D:3      | Reached skill level 1 in Poison Magic
  3046 | D:3      | Reached XP level 5. HP: 40/43 MP: 8/12
  4040 | D:4      | Found a sparkling altar of Nemelex Xobeh.
  4308 | D:4      | Reached XP level 6. HP: 50/50 MP: 10/13
  4392 | D:4      | Found a staircase to the Ecumenical Temple.
  4405 | Temple   | Entered the Ecumenical Temple
  4917 | D:4      | Reached skill level 5 in Fighting
  4917 | D:4      | Reached skill level 5 in Axes
  4917 | D:4      | Reached skill level 5 in Dodging
  4919 | D:4      | Noticed a phantom
  5664 | D:5      | Entered Level 5 of the Dungeon
  5993 | D:4      | Reached XP level 7. HP: 16/56 MP: 12/15
  6554 | D:5      | Found a blossoming altar of Fedhas.
  7619 | D:5      | Reached XP level 8. HP: 18/63 MP: 16/16
  8749 | D:6      | Noticed Grinder
  8756 | D:6      | Paralysed by Grinder for 7 turns
  8768 | D:6      | Paralysed by Grinder for 2 turns
  8776 | D:6      | Killed Grinder
  8794 | D:6      | Found an opulent altar of Gozag.
  9185 | D:6      | Got a smoking ring mail
  9186 | D:6      | Identified the +3 ring mail "Otedgh" {Int+3} (You found it
                  | on level 6 of the Dungeon)
  9690 | D:6      | Found Esaz's Distillery.
  9841 | D:6      | Found a shimmering altar of Xom.
  9841 | D:6      | Found a shadowy altar of Dithmenos.
  9841 | D:6      | Found a hazy altar of Hepliaklqana.
  9842 | D:6      | Found a stormy altar of Qazlal.
  9856 | D:6      | Became a worshipper of Qazlal Stormbringer
 10066 | D:7      | Noticed Pikel
 10087 | D:7      | Killed Pikel
 10088 | D:7      | Reached XP level 9. HP: 35/69 MP: 1/18
 10726 | D:7      | Noticed Joseph
 10744 | D:7      | Killed Joseph
 10745 | D:7      | Reached skill level 5 in Throwing
 10745 | D:7      | Reached skill level 5 in Armour
 11471 | D:7      | Slain by a shadow

Illustrated notes

Levels and vault maps discovered:
D:1:      kilobyte_arrival_exit_the_forest, layout_basic
D:2:      layout_basic, general_overflow_altar
D:3:      layout_basic, ashenzari_altar_1, hangedman_decor_points, minmay_vboxes
D:4:      layout_loops_ring, nemelex_xobeh_ov_fountains_minmay,
          minmay_temple_entry_stoned_glass, minmay_goblin_outpost
D:5:      layout_layer_cave, fedhas_altar_3, chequers_garden
D:6:      layout_basic, grunt_temple_overflow_open, serial_shops,
          kennysheep_mini_moat, serial_rivers, chequers_serial_rivers_large_b,
          chequers_serial_rivers_small_a, chequers_serial_rivers_marsh,
          chequers_serial_rivers_small_3, minmay_hedge_maze,
          nicolae_lava_and_water, uniq_grinder
D:7:      layout_basic, uniq_joseph, uniq_pikel
D:8:      layout_loops_corners, palyth_temple_overflow_mages,
          chequers_serial_rivers_small_3, serial_bayou_lagoon_a, uniq_maurice
Temple:   nicolae_temple_figure_zero

Skill      XL: |  1  2  3  4  5  6  7  8  9 |
---------------+----------------------------+-----
Spellcasting   | 5 6 |  6.6
Invocations    | 1 2 3 4 |  4.7
Short Blades   | 1 2 4 |  4.2
Long Blades    | 1 2 4 |  4.2
Maces & Flails | 1 2 4 |  4.2
Polearms       | 1 2 4 |  4.2
Staves         | 1 2 4 |  4.2
Slings         | 1 2 4 |  4.2
Bows           | 1 2 4 |  4.2
Crossbows      | 1 2 4 |  4.2
Stealth        | 1 2 4 |  4.2
Shields        | 1 2 4 |  4.2
Unarmed Combat | 1 2 4 |  4.2
Evocations     | 1 2 4 |  4.2
Conjurations   | 1 2 3 |  3.5
Hexes          | 1 2 3 |  3.5
Summonings     | 1 2 3 |  3.5
Necromancy     | 1 2 3 |  3.5
Transmutations | 1 2 3 |  3.5
Fire Magic     | 1 2 3 |  3.5
Ice Magic      | 1 2 3 |  3.5
Air Magic      | 1 2 3 |  3.5
Earth Magic    | 1 2 3 |  3.5
Poison Magic   | 1 2 3 |  3.5
Throwing       | 3 4 5 |  5.0
Armour         | 3 4 5 |  5.0
Fighting       | 5 6 |  6.3
Axes           | 5 6 |  6.3
Dodging        | 5 6 |  6.3
Translocations | 6 |  6.5

Action                   |  1- 3 |  4- 6 |  7- 9 || total
-------------------------+-------+-------+-------++-------
Melee: Hand axe          |   136 |   278 |    30 ||   444
       Bite              |     9 |    40 |    28 ||    77
       Whip              |       |       |   209 ||   209
       Punch             |       |       |     4 ||     4
 Fire: Hunting sling     |       |     7 |     1 ||     8
       Shortbow          |       |       |     1 ||     1
Throw: Stone             |     1 |    24 |       ||    25
       Dart              |       |    28 |    12 ||    40
 Cast: Gell's Gravitas   |     2 |     6 |     9 ||    17
       Blink             |       |     7 |    10 ||    17
Evoke: Wand              |       |       |     8 ||     8
  Use: Scroll            |     1 |     4 |    11 ||    16
       Potion            |       |     3 |     1 ||     4
 Stab: Sleeping          |       |     1 |     3 ||     4
Armor: Leather armour    |    51 |    49 |       ||   100
       Ring mail         |       |    20 |    60 ||    80
Dodge: Dodged            |   138 |   253 |   155 ||   546
